 Dungeon Crawl Stone Soup version 0.25-a0-1007-g10a8c3caa8 (webtiles) character file.

Game seed: 1552211706779853561, levelgen mode: deterministic

15649 MisterFreud the Blocker (level 12, 0/97 HPs)
             Began as a Gnoll Fighter on May 11, 2020.
             Was an Elder of Ashenzari.
             Slain by an eight-headed hydra (2 damage)
             ... on level 3 of the Lair of Beasts.
             The game lasted 00:29:06 (16551 turns).

MisterFreud the Blocker (Gnoll Fighter)            Turns: 16551, Time: 00:29:07

Health: 0/97       AC: 16    Str: 18    XL:     12   Next: 29%
Magic:  22/22      EV: 16    Int: 15    God:    Ashenzari [****..]
Gold:   639        SH: 13    Dex: 16    Spells: 22/25 levels left

rFire    . . .     SeeInvis +   T - +3 dagger (venom) (curse)
rCold    . . .     Gourm    .   c - +0 kite shield (curse)
rNeg     . . .     Faith    .   G - +0 robe
rPois    +         Spirit   .   y - +2 helmet
rElec    .         Reflect  .   u - +0 cloak (curse)
rCorr    .         Harm     .   Q - +0 pair of gloves {archery}
MR       .....     Clarity  +   L - +2 pair of boots {run}
Stlth    ++++......             (no amulet)
HPRegen  0.26/turn              j - +4 ring of protection
MPRegen  0.18/turn              z - ring of poison resistance

@: quick
A: distributed training, fangs 1, strong nose
a: Curse Item, Scrying, Renounce Religion


You were on level 3 of the Lair of Beasts.
You worshipped Ashenzari.
Ashenzari was greatly pleased with you.
You were near starving.

You visited 3 branches of the dungeon, and saw 15 of its levels.

You collected 954 gold pieces.
You spent 315 gold pieces at shops.

Inventory:

Hand Weapons
 a - a +0 rapier
 T - a cursed +3 dagger of venom (weapon)
Missiles
 i - 503 stones (quivered)
 k - 95 bolts
 l - 78 sling bullets
 x - 67 arrows
 I - 4 boomerangs
 K - 54 poisoned darts
 M - a throwing net
 N - 4 datura-tipped darts
 S - 4 atropa-tipped darts
 V - 3 javelins
Armour
 c - a cursed +0 kite shield (worn)
 g - a +1 chain mail of magic resistance
 u - a cursed +0 cloak (worn)
 y - a +2 helmet (worn)
 G - a +0 robe (worn)
 L - a +2 pair of boots of running (worn)
 Q - a +0 pair of gloves of archery (worn)
Jewellery
 j - a +4 ring of protection (left hand)
 p - an uncursed amulet of rage
 z - a ring of poison resistance (right hand)
 D - an uncursed ring of protection from fire
 P - an uncursed ring of protection from magic
Wands
 b - a wand of iceblast (14)
 n - a wand of digging (12)
 A - a wand of disintegration (8)
 E - a wand of random effects (4)
 H - a wand of clouds (5)
 R - a wand of paralysis (7)
 X - a wand of acid (5)
 Z - a wand of flame (16)
Scrolls
 e - 9 scrolls of teleportation
 h - 4 scrolls of remove curse
 q - 2 scrolls of enchant armour
 t - a scroll of torment {unknown}
 v - a scroll of holy word {unknown}
 F - a scroll of fear
 W - a scroll of blinking
Potions
 d - 2 potions of might
 o - 3 potions of berserk rage
 r - a potion of resistance
 s - 2 potions of brilliance
 w - 5 potions of lignification
 B - a potion of heal wounds {unknown}
 C - a potion of flight
 J - 3 potions of haste
 U - a potion of cancellation {unknown}
 Y - 2 potions of curing
Miscellaneous
 O - a phial of floods
Comestibles
 f - 25 rations


   Skills:
 + Level 9.6 Fighting
 + Level 8.5(11.9) Short Blades
 + Level 7.0 Long Blades
 + Level 7.0 Axes
 + Level 7.0 Maces & Flails
 + Level 7.0 Polearms
 + Level 7.0 Staves
 + Level 7.0 Slings
 + Level 7.0 Bows
 + Level 7.0 Crossbows
 + Level 7.0 Throwing
 + Level 9.6 Armour
 + Level 7.0 Dodging
 + Level 7.0 Stealth
 + Level 9.6(11.8) Shields
 + Level 7.0 Unarmed Combat
 + Level 7.0 Spellcasting
 + Level 5.8 Conjurations
 + Level 5.8 Hexes
 + Level 5.8 Charms
 + Level 5.8 Summonings
 + Level 5.8 Necromancy
 + Level 5.8 Translocations
 + Level 5.8 Transmutations
 + Level 5.8 Fire Magic
 + Level 5.8 Ice Magic
 + Level 5.8 Air Magic
 + Level 5.8 Earth Magic
 + Level 5.8 Poison Magic
 + Level 7.7 Invocations
 + Level 7.0 Evocations


You had 22 spell levels left.
You knew the following spells:

 Your Spells              Type           Power        Failure   Level  Hunger
a - Mephitic Cloud        Conj/Pois/Air  ###.....     5%          3    ##.....

Your spell library contained the following spells:

 Spells                   Type           Power        Failure   Level  Hunger
 Corona                   Hex            ###....      1%          1    None
 Foxfire                  Conj/Fire      ###.         1%          1    None
 Shock                    Conj/Air       ###.         1%          1    None
 Sting                    Tmut/Pois      ###.         1%          1    None
 Ensorcelled Hibernation  Hex/Ice        ###...       2%          2    None
 Poisonous Vapours        Pois/Air       ###...       2%          2    None
 Swiftness                Chrm/Air       ###.....     2%          2    None
 Confusing Touch          Hex            ###.....     5%          3    ##.....
 Conjure Flame            Conj/Fire      ###.....     5%          3    ##.....
 Dazzling Flash           Conj/Hex       ###...       5%          3    ##.....
 Ignite Poison            Fire/Tmut/Pois ###.....     5%          3    ##.....
 Inner Flame              Hex/Fire       ###.....     5%          3    ##.....
 Static Discharge         Conj/Air       ###.....     5%          3    ##.....
 Tukima's Dance           Hex            ###.....     5%          3    ##.....
 Airstrike                Air            ###.......   19%         4    ####...
 Olgreb's Toxic Radiance  Pois           ###.....     19%         4    ####...
 Sticky Flame             Conj/Fire      ###.....     19%         4    ####...
 Fireball                 Conj/Fire      ###.......   45%         5    #####..
 Lightning Bolt           Conj/Air       ###.......   45%         5    #####..


Dungeon Overview and Level Annotations

Branches:
Dungeon (11/15)            Temple (1/1) D:5            Lair (3/6) D:9
    Orc (0/2) D:10
  Swamp: Lair:2-4    Shoals: Lair:2-4     Snake: Lair:2-4    Spider: Lair:2-4

Altars:
Ashenzari
Cheibriados
Fedhas
Gozag
Hepliaklqana
Kikubaaqudgha
Makhleb
Nemelex Xobeh
Qazlal
Sif Muna
Trog
Vehumet
Wu Jian
Yredelemnul
Zin
The Shining One

Shops:
D:6 }   D:8 *   D:10 ([   D:11 *

Annotations:
D:9 exclusion: oklob plant


Innate Abilities, Weirdness & Mutations

Your experience applies equally to all skills.
You have very sharp teeth.
Your uncanny sense of smell can sniff out nearby items.


Message History

The eight-headed hydra bites you.
* * * LOW HITPOINT WARNING * * *
The eight-headed hydra bites you but does no damage. x2
You block the eight-headed hydra's attack.
The eight-headed hydra barely misses you.
You block the eight-headed hydra's attack.
The eight-headed hydra bites you but does no damage.
Evoke which item? (* to show all) (? for menu, Esc to quit)
Aiming: Iceblast
Press: ? - help, Shift-Dir - straight line, f/p - eight-headed hydra
Aim: an eight-headed hydra (heavily wounded)
The mass of ice explodes!
The iceblast engulfs the eight-headed hydra!!
The eight-headed hydra is severely wounded.
You hear a deafening roar! x2
The eight-headed hydra bites you.
* * * LOW HITPOINT WARNING * * *
You block the eight-headed hydra's attack. x3
The eight-headed hydra misses you. The eight-headed hydra bites you.
You die...

* ,, , ,,, , , , , , , ,, ,,
∆ ,,,,, * ,, ,* * **
*,.....,,* * * .......*
#>......# ### *P........ ###
#.# ##
#.......###.###.####.######
#.........@D...............
*P..........................
*#..........................
...........................
*...........................
.....[.....................
*#..........................
*#.......P...##P.##.##..#.##
........#.###*###** *** ***


You could see an eight-headed hydra.

Vanquished Creatures
  A two-headed ogre (D:9)
  An unseen horror (D:11)
  Pikel (D:9)
  A cyclops (D:11)
  A manticore (D:11)
  A gargoyle (D:11)
  5 spiny frogs
  A kobold demonologist (D:11)
  3 komodo dragons
  Grinder (D:5)
  4 blink frogs (Lair:2)
  5 hippogriffs
  A shadow (D:11)
  Sigmund (D:3)
  10 yaks
  A wyvern (D:10)
  2 hungry ghosts
  8 water moccasins
  8 porcupines
  4 orc warriors
  3 sky beasts
  A necrophage (D:8)
  2 ice beasts
  2 phantoms
  A black bear (D:6)
  7 ogres
  2 centaurs
  4 crocodiles (Lair:1)
  A big kobold (D:11)
  9 bullfrogs
  A wyvern skeleton (D:6)
  9 killer bees
  3 scorpions
  5 wights (D:7)
  2 quasits
  2 hounds
  10 jellies
  3 orc wizards (D:11)
  Crazy Yiuf (D:2)
  2 orc priests
  3 iguanas
  Ijyb (D:3)
  Terence (D:2)
  3 worker ants
  A killer bee zombie (D:5)
  2 hound skeletons
  Robin (D:3)
  7 gnolls
  14 adders
  2 shadow imps
  14 oozes
  An adder skeleton (D:4)
  6 worms
  3 dart slugs
  5 leopard geckos
  27 orcs
  4 ball pythons
  5 bats
  6 giant cockroaches
  13 goblins
  12 hobgoblins
  10 jackals
  4 quokkas
  6 frilled lizards
  9 kobolds
  12 rats
302 creatures vanquished.

Vanquished Creatures (others)
  20 fungi
  4 plants (D:9)
24 creatures vanquished.

Grand Total: 326 creatures vanquished

Notes
Turn   | Place    | Note
-------+----------+-------------------------------------------
     0 | D:1      | MisterFreud the Gnoll Fighter began the quest for the Orb.
     0 | D:1      | Reached XP level 1. HP: 23/23 MP: 1/1
   155 | D:1      | Reached XP level 2. HP: 27/29 MP: 2/2
   383 | D:1      | Reached XP level 3. HP: 34/35 MP: 3/3
   893 | D:2      | Reached skill level 1 in Invocations
  1037 | D:2      | Noticed Terence
  1046 | D:2      | Killed Terence
  1046 | D:2      | Reached skill level 1 in Long Blades
  1046 | D:2      | Reached skill level 1 in Axes
  1046 | D:2      | Reached skill level 1 in Maces & Flails
  1046 | D:2      | Reached skill level 1 in Polearms
  1046 | D:2      | Reached skill level 1 in Staves
  1046 | D:2      | Reached skill level 1 in Slings
  1046 | D:2      | Reached skill level 1 in Bows
  1046 | D:2      | Reached skill level 1 in Crossbows
  1046 | D:2      | Reached skill level 1 in Throwing
  1046 | D:2      | Reached skill level 1 in Dodging
  1046 | D:2      | Reached skill level 1 in Stealth
  1046 | D:2      | Reached skill level 1 in Unarmed Combat
  1046 | D:2      | Reached skill level 1 in Spellcasting
  1046 | D:2      | Reached skill level 1 in Evocations
  1046 | D:2      | Reached XP level 4. HP: 37/41 MP: 5/5
  1232 | D:2      | Reached skill level 1 in Conjurations
  1232 | D:2      | Reached skill level 1 in Hexes
  1232 | D:2      | Reached skill level 1 in Charms
  1232 | D:2      | Reached skill level 1 in Summonings
  1232 | D:2      | Reached skill level 1 in Necromancy
  1232 | D:2      | Reached skill level 1 in Translocations
  1232 | D:2      | Reached skill level 1 in Transmutations
  1232 | D:2      | Reached skill level 1 in Fire Magic
  1232 | D:2      | Reached skill level 1 in Ice Magic
  1232 | D:2      | Reached skill level 1 in Air Magic
  1232 | D:2      | Reached skill level 1 in Earth Magic
  1232 | D:2      | Reached skill level 1 in Poison Magic
  1329 | D:2      | Reached XP level 5. HP: 47/47 MP: 6/6
  1430 | D:2      | Found a runed translucent door.
  1431 | D:2      | Noticed Crazy Yiuf
  1840 | D:2      | Killed Crazy Yiuf
  2678 | D:3      | Noticed a centaur
  2689 | D:3      | Killed a centaur
  2689 | D:3      | Reached XP level 6. HP: 39/53 MP: 8/8
  2815 | D:3      | Noticed Robin
  2861 | D:3      | Killed Robin
  2861 | D:3      | Reached skill level 5 in Short Blades
  3135 | D:3      | Noticed Sigmund
  3145 | D:3      | Killed Sigmund
  3145 | D:3      | Reached XP level 7. HP: 54/59 MP: 8/10
  3206 | D:3      | Noticed Ijyb
  3219 | D:3      | Killed Ijyb
  4348 | D:5      | Entered Level 5 of the Dungeon
  4446 | D:5      | Found a burning altar of Makhleb.
  4449 | D:5      | Found an ancient bone altar of Kikubaaqudgha.
  4536 | D:5      | Reached XP level 8. HP: 65/67 MP: 10/12
  4579 | D:5      | Noticed Grinder
  4586 | D:5      | Paralysed by Grinder for 6 turns
  4609 | D:5      | Paralysed by Grinder for 3 turns
  4613 | D:5      | Killed Grinder
  4762 | D:5      | Found a staircase to the Ecumenical Temple.
  4773 | Temple   | Entered the Ecumenical Temple
  4804 | Temple   | Became a worshipper of Ashenzari the Shackled
  5140 | D:6      | Found Zikis's Gadget Emporium.
  5210 | D:6      | Identified a +1 pair of boots of running (You found it on
                  | level 6 of the Dungeon)
  5612 | D:6      | Reached * piety under Ashenzari
  6158 | D:7      | Reached XP level 9. HP: 56/72 MP: 14/14
  6254 | D:7      | Noticed a moth of wrath
  6257 | D:7      | Found a bloodstained altar of Trog.
  7428 | D:8      | Reached ** piety under Ashenzari
  7901 | D:8      | Reached skill level 5 in Invocations
  8094 | D:8      | Found Wuigot's Assorted Antiques.
  8103 | D:8      | Bought a pair of embroidered gloves for 225 gold pieces
  8108 | D:8      | Bought a scroll labeled NACORU FUCS for 30 gold pieces
  8108 | D:8      | Bought a scroll labeled NACORU FUCS for 30 gold pieces
  8108 | D:8      | Bought a scroll labeled NACORU FUCS for 30 gold pieces
  8487 | D:8      | Reached XP level 10. HP: 79/80 MP: 15/17
  8653 | D:9      | Noticed Pikel
  8692 | D:9      | Killed Pikel
  8692 | D:9      | Reached skill level 5 in Long Blades
  8692 | D:9      | Reached skill level 5 in Axes
  8692 | D:9      | Reached skill level 5 in Maces & Flails
  8692 | D:9      | Reached skill level 5 in Polearms
  8692 | D:9      | Reached skill level 5 in Staves
  8692 | D:9      | Reached skill level 5 in Slings
  8692 | D:9      | Reached skill level 5 in Bows
  8692 | D:9      | Reached skill level 5 in Crossbows
  8692 | D:9      | Reached skill level 5 in Throwing
  8692 | D:9      | Reached skill level 5 in Dodging
  8692 | D:9      | Reached skill level 5 in Stealth
  8692 | D:9      | Reached skill level 5 in Unarmed Combat
  8692 | D:9      | Reached skill level 5 in Spellcasting
  8692 | D:9      | Reached skill level 5 in Evocations
  9138 | D:10     | Entered Level 10 of the Dungeon
 10528 | D:9      | Found a staircase to the Lair.
 10545 | D:9      | Noticed a two-headed ogre
 10560 | D:9      | Killed a two-headed ogre
 10878 | D:9      | Noticed an oklob plant
 10909 | D:10     | Found a glowing silver altar of Zin.
 11105 | D:10     | Reached XP level 11. HP: 84/87 MP: 19/19
 11266 | D:10     | Found Weg Qeiz's Weapon Emporium.
 11268 | D:10     | Found a staircase to the Orcish Mines.
 11271 | D:10     | Found Kaudus's Armour Emporium.
 11554 | D:10     | Reached *** piety under Ashenzari
 11904 | D:11     | Reached skill level 5 in Conjurations
 11904 | D:11     | Reached skill level 5 in Hexes
 11904 | D:11     | Reached skill level 5 in Charms
 11904 | D:11     | Reached skill level 5 in Summonings
 11904 | D:11     | Reached skill level 5 in Necromancy
 11904 | D:11     | Reached skill level 5 in Translocations
 11904 | D:11     | Reached skill level 5 in Transmutations
 11904 | D:11     | Reached skill level 5 in Fire Magic
 11904 | D:11     | Reached skill level 5 in Ice Magic
 11904 | D:11     | Reached skill level 5 in Air Magic
 11904 | D:11     | Reached skill level 5 in Earth Magic
 11904 | D:11     | Reached skill level 5 in Poison Magic
 12774 | D:11     | Noticed a manticore
 12811 | D:11     | Killed a manticore
 12987 | D:11     | Noticed a cyclops
 12987 | D:11     | Noticed an unseen horror
 13041 | D:11     | Killed a cyclops
 13062 | D:11     | Killed an unseen horror
 13347 | D:11     | Found Lulioli's Changing Room.
 13709 | Lair:1   | Entered Level 1 of the Lair of Beasts
 13921 | Lair:1   | Learned a level 3 spell: Mephitic Cloud
 14954 | Lair:1   | Reached XP level 12. HP: 84/96 MP: 22/22
 16076 | Lair:2   | Reached **** piety under Ashenzari
 16529 | Lair:3   | Noticed an eight-headed hydra
 16551 | Lair:3   | HP: 2/97 [eight-headed hydra (5)]
 16551 | Lair:3   | Slain by an eight-headed hydra

Illustrated notes

Levels and vault maps discovered:
D:1:      elethiomel_arrival_shortcut, layout_loops_ring
D:2:      layout_basic, minmay_fractal_squares_5, uniq_terence,
          uniq_crazy_yiuf_cottage
D:3:      layout_loops_ring, uniq_ijyb, uniq_robin, uniq_sigmund
D:4:      layout_gridville, first_ration
D:5:      layout_loops_ring, chequers_temple_overflow_statue_of_worship,
          minmay_temple_entry_statues_fountains, chequers_serial_rivers_room_b,
          uniq_grinder
D:6:      layout_loops_corners, serial_shops, nicolae_shop_window_shopping
D:7:      layout_basic, grunt_ogre_cave, tgw_trog
D:8:      layout_gridville, serial_shops, shop
D:9:      lemuel_slime, layout_basic, grunt_lair_entry_orc_guard_hut, uniq_pikel
D:10:     layout_basic, orc_david_3, basic_altar
D:11:     layout_roguey, nicolae_transmutations_shop, minmay_misc_feat_square
Temple:   regret_index_temple_chain_breaker
Lair:1:   layout_loops_ring
Lair:2:   layout_small_grid, minmay_stone_trees_medium
Lair:3:   layout_big_grid, swamp_mist, serial_bayou_shore_a

Skill      XL: |  1  2  3  4  5  6  7  8  9 10 11 12 |
---------------+-------------------------------------+-----
Invocations    | 1 2 3 4 5 6 7 |  7.7
Long Blades    | 1 2 3 4 5 6 7 |  7.0
Axes           | 1 2 3 4 5 6 7 |  7.0
Maces & Flails | 1 2 3 4 5 6 7 |  7.0
Polearms       | 1 2 3 4 5 6 7 |  7.0
Staves         | 1 2 3 4 5 6 7 |  7.0
Slings         | 1 2 3 4 5 6 7 |  7.0
Bows           | 1 2 3 4 5 6 7 |  7.0
Crossbows      | 1 2 3 4 5 6 7 |  7.0
Throwing       | 1 2 3 4 5 6 7 |  7.0
Dodging        | 1 2 3 4 5 6 7 |  7.0
Stealth        | 1 2 3 4 5 6 7 |  7.0
Unarmed Combat | 1 2 3 4 5 6 7 |  7.0
Spellcasting   | 1 2 3 4 5 6 7 |  7.0
Evocations     | 1 2 3 4 5 6 7 |  7.0
Conjurations   | 1 2 3 4 5 |  5.8
Hexes          | 1 2 3 4 5 |  5.8
Charms         | 1 2 3 4 5 |  5.8
Summonings     | 1 2 3 4 5 |  5.8
Necromancy     | 1 2 3 4 5 |  5.8
Translocations | 1 2 3 4 5 |  5.8
Transmutations | 1 2 3 4 5 |  5.8
Fire Magic     | 1 2 3 4 5 |  5.8
Ice Magic      | 1 2 3 4 5 |  5.8
Air Magic      | 1 2 3 4 5 |  5.8
Earth Magic    | 1 2 3 4 5 |  5.8
Poison Magic   | 1 2 3 4 5 |  5.8
Short Blades   | 5 6 7 8 |  8.5
Fighting       | 7 8 9 |  9.6
Armour         | 7 8 9 |  9.6
Shields        | 7 8 9 |  9.6

Action                   |  1- 3 |  4- 6 |  7- 9 | 10-12 || total
-------------------------+-------+-------+-------+-------++-------
Melee: Rapier            |   113 |   174 |   553 |   823 ||  1663
       Bite              |    11 |    25 |    86 |   169 ||   291
       Dagger            |       |       |       |   245 ||   245
 Cast: Mephitic Cloud    |       |       |       |     9 ||     9
Invok: Curse Item        |       |       |     2 |     1 ||     3
Evoke: Wand              |       |       |       |    12 ||    12
  Use: Scroll            |       |       |     4 |    14 ||    18
 Stab: Sleeping          |       |       |     3 |     6 ||     9
       Confused          |       |       |       |     7 ||     7
       Distracted        |       |       |       |     1 ||     1
  Eat: Chunk             |     1 |     6 |    21 |    25 ||    53
       Ration            |       |       |       |     1 ||     1
Armor: Scale mail        |    36 |    19 |   178 |   139 ||   372
       Chain mail        |       |    53 |    52 |   143 ||   248
       Robe              |       |       |       |    34 ||    34
Dodge: Dodged            |    30 |    32 |   145 |   282 ||   489
Block: Kite shield       |    49 |    87 |   243 |   461 ||   840

Table legend:
 A = Non-vault XP
 B = Vault XP
 C = Vault XP percentage of total XP
 D = Non-vault monster count
 E = Vault monster count
 F = Vault count percentage of total count
                 A         B        C        D         E       F
            +---------+---------+-------+---------+---------+-------
      Total |   19434 |    2922 |  13.1 |     243 |      59 |  19.5
            +---------+---------+-------+---------+---------+-------
        D:1 |      48 |       0 |   0.0 |      25 |       0 |   0.0
        D:2 |      77 |     106 |  57.9 |      22 |       8 |  26.7
        D:3 |     207 |     298 |  59.0 |      18 |      14 |  43.8
        D:4 |     227 |       0 |   0.0 |      18 |       0 |   0.0
        D:5 |     465 |     281 |  37.7 |      11 |       1 |   8.3
        D:6 |     603 |       0 |   0.0 |      11 |       0 |   0.0
        D:7 |     732 |     134 |  15.5 |      14 |       6 |  30.0
        D:8 |    1943 |     408 |  17.4 |      18 |       7 |  28.0
        D:9 |    1880 |    1550 |  45.2 |      20 |      19 |  48.7
       D:10 |    1284 |     145 |  10.1 |      20 |       4 |  16.7
       D:11 |    4668 |       0 |   0.0 |      31 |       0 |   0.0
     Lair:1 |    3701 |       0 |   0.0 |      17 |       0 |   0.0
     Lair:2 |    3196 |       0 |   0.0 |      17 |       0 |   0.0
     Lair:3 |     403 |       0 |   0.0 |       1 |       0 |   0.0
            +---------+---------+-------+---------+---------+-------
